| TOP OF THE 1ST |
|
Hudson Valley Renegades batting - Pitching for Vermont Lake Monsters : RHP Terry Evans
|
|
Pitching: RHP Terry Evans
|
|
|
Batting: LHB Jonathan Spino
|
0-0: Ball 1-0: Ground out 6-3 (Groundball, 6MD, EV 107.5 MPH)
|
|
Batting: SHB Chris Lockart
|
0-0: Ball 1-0: Foul Ball, location: 2F 1-1: Ground out 5-3 (Groundball, 56S, EV 83.1 MPH)
|
|
Batting: RHB Alex Koral
|
0-0: Ball 1-0: Ball 2-0: Foul Ball, location: 2F 2-1: Foul Ball, location: 2F 2-2: Ball 3-2: Base on Balls
|
|
Batting: SHB Joshua Jackson
|
0-0: Called Strike 0-1: TRIPLE (Line Drive, 78XD, EV 106.2 MPH) Alex Koral scores
|
|
Batting: RHB Joe Hartigan
|
0-0: Swinging Strike 0-1: Ball 1-1: Called Strike 1-2: Ball 2-2: SINGLE (Groundball, 34D, EV 103.1 MPH) Joshua Jackson scores
|
|
Batting: RHB Jon Gonzales
|
0-0: Ball 1-0: Ball 2-0: Called Strike 2-1: Foul Ball, location: 2F 2-2: Hit by Pitch Joe Hartigan to second
|
|
Batting: LHB Dan Hunt
|
0-0: Called Strike 0-1: Ball 1-1: Foul Ball, location: 2F 1-2: Ball 2-2: Ball 3-2: Foul Ball, location: 2F 3-2: Foul Ball, location: 2F 3-2: Strikes out looking
|
| Top of the 1st over - 2 runs, 2 hits, 0 errors, 2 left on base; Hudson Valley 2 - Vermont 0 |
| BOTTOM OF THE 1ST |
|
Vermont Lake Monsters batting - Pitching for Hudson Valley Renegades : LHP Jake Fields
|
|
Pitching: LHP Jake Fields
|
|
|
Batting: RHB Scott Lister
|
0-0: Called Strike 0-1: Ball 1-1: Ball 2-1: Foul Ball, location: 2F 2-2: Foul Ball, location: 2F 2-2: Ground out 4-3 (Groundball, 4M, EV 86.2 MPH)
|
|
Batting: SHB Berthold Frey
|
0-0: Foul Ball, location: 2F 0-1: Swinging Strike 0-2: SINGLE (Line Drive, 56, EV 101.2 MPH)
|
|
Batting: RHB Tetsuya Shinoda
|
0-0: Ball Berthold Frey steals 2nd base 1-0: Ball 2-0: Called Strike 2-1: Ground out U3 (Groundball, 34S, EV 81.9 MPH) Berthold Frey to third
|
|
Batting: RHB Ryan Jennings
|
0-0: Ball 1-0: 2-RUN HOME RUN (Flyball, 7D, EV 100.0 MPH), Distance : 378 ft
|
|
Batting: RHB Edgardo Rivera
|
0-0: Ball 1-0: Foul Ball, location: 2F 1-1: Ground out U3 (Groundball, 3, EV 96.9 MPH)
|
| Bottom of the 1st over - 2 runs, 2 hits, 0 errors, 0 left on base; Hudson Valley 2 - Vermont 2 |
| TOP OF THE 2ND |
|
Hudson Valley Renegades batting - Pitching for Vermont Lake Monsters : RHP Terry Evans
|
|
Batting: RHB Eric Waugaman
|
0-0: Fly out, F8 (Flyball, 8LM, EV 93.1 MPH)
|
|
Batting: RHB Wan-ling Zhu
|
0-0: Ball 1-0: Ground out U3 (Groundball, 34, EV 114.4 MPH)
|
|
Batting: LHB Jonathan Spino
|
0-0: Ball 1-0: Called Strike 1-1: Called Strike 1-2: Ball 2-2: Foul Ball, location: 2F 2-2: DOUBLE (Flyball, 78XD, EV 103.1 MPH)
|
|
Batting: SHB Chris Lockart
|
0-0: Ball 1-0: Ground out U3 (Groundball, 34, EV 90.0 MPH)
|
| Top of the 2nd over - 0 runs, 1 hit, 0 errors, 1 left on base; Hudson Valley 2 - Vermont 2 |
| BOTTOM OF THE 2ND |
|
Vermont Lake Monsters batting - Pitching for Hudson Valley Renegades : LHP Jake Fields
|
|
Batting: RHB Todd Vanasco
|
0-0: Ball 1-0: Called Strike 1-1: Ball 2-1: Ground out 5-3 (Groundball, 56, EV 86.2 MPH)
|
|
Batting: LHB Felipe Gomez
|
0-0: Foul Ball, location: 2F 0-1: Foul Ball, location: 2F 0-2: Fly out, F9 (Flyball, 9S, EV 90.6 MPH)
|
|
Batting: SHB Mike Kirk
|
0-0: Called Strike 0-1: Foul Ball, location: 2F 0-2: Ball 1-2: Ball 2-2: Fly out, F7 (Flyball, 7LM, EV 101.9 MPH)
|
| Bottom of the 2nd over - 0 runs, 0 hits, 0 errors, 0 left on base; Hudson Valley 2 - Vermont 2 |
| TOP OF THE 3RD |
|
Hudson Valley Renegades batting - Pitching for Vermont Lake Monsters : RHP Terry Evans
|
|
Batting: RHB Alex Koral
|
0-0: Ball 1-0: Called Strike 1-1: Ball 2-1: Ground out 4-3 (Groundball, 4, EV 99.4 MPH)
|
|
Batting: SHB Joshua Jackson
|
0-0: Fly out, F9 (Flyball, 9S, EV 92.5 MPH)
|
|
Batting: RHB Joe Hartigan
|
0-0: Ball 1-0: Swinging Strike 1-1: Called Strike 1-2: Ball 2-2: SOLO HOME RUN (Flyball, 7LD, EV 91.9 MPH), Distance : 339 ft
|
|
Batting: RHB Jon Gonzales
|
0-0: Swinging Strike 0-1: Ball 1-1: SINGLE (Groundball, 34D, EV 105.0 MPH)
|
|
Batting: LHB Dan Hunt
|
0-0: SINGLE (Line Drive, 4D, EV 96.2 MPH) Jon Gonzales to second Runner from 2nd tries for 3rd, SAFE, no throw by RF
|
|
Batting: RHB Eric Waugaman
|
0-0: Ball 1-0: Foul Ball, location: 2F 1-1: Ball 2-1: Foul Ball, location: 2F 2-2: Foul Ball, location: 2F 2-2: Foul Ball, location: 2F 2-2: Strikes out looking
|
| Top of the 3rd over - 1 run, 3 hits, 0 errors, 2 left on base; Hudson Valley 3 - Vermont 2 |
| BOTTOM OF THE 3RD |
|
Vermont Lake Monsters batting - Pitching for Hudson Valley Renegades : LHP Jake Fields
|
|
Batting: SHB Matt Sybrant
|
0-0: Ball 1-0: Called Strike 1-1: Ball 2-1: Ground out 6-3 (Groundball, 56D, EV 101.2 MPH)
|
|
Batting: RHB Scott Lister
|
0-0: Ball 1-0: Swinging Strike 1-1: Foul Ball, location: 2F 1-2: Ball 2-2: Strikes out swinging
|
|
Batting: SHB Berthold Frey
|
0-0: Called Strike 0-1: Called Strike 0-2: Foul Ball, location: 2F 0-2: Fly out, F9 (Flyball, 9LSF, EV 86.2 MPH)
|
| Bottom of the 3rd over - 0 runs, 0 hits, 0 errors, 0 left on base; Hudson Valley 3 - Vermont 2 |
| TOP OF THE 4TH |
|
Hudson Valley Renegades batting - Pitching for Vermont Lake Monsters : RHP Terry Evans
|
|
Batting: RHB Wan-ling Zhu
|
0-0: Ball 1-0: Ground out 6-3 (Groundball, 6, EV 102.5 MPH)
|
|
Batting: LHB Jonathan Spino
|
0-0: Ball 1-0: Foul Ball, location: 2F 1-1: Ball 2-1: Foul Ball, location: 2F 2-2: Ball 3-2: Foul Ball, location: 2F 3-2: Foul Ball, location: 2F 3-2: Base on Balls
|
|
Batting: SHB Chris Lockart
|
0-0: Ball Jonathan Spino steals 2nd base 1-0: Ball 2-0: Ball 3-0: Called Strike 3-1: Base on Balls
|
|
Batting: RHB Alex Koral
|
0-0: Ball Jonathan Spino steals 3rd base 1-0: Ball 2-0: TRIPLE (Flyball, 9LD, EV 105.0 MPH) Jonathan Spino scores Chris Lockart scores
|
|
Pitching: RHP Herman McPherson
|
|
|
Batting: SHB Joshua Jackson
|
0-0: Ball 1-0: Ball 2-0: SINGLE (Groundball, 6MD, EV 109.4 MPH) Alex Koral scores
|
|
Batting: RHB Joe Hartigan
|
0-0: Ball Joshua Jackson steals 2nd base 1-0: Swinging Strike 1-1: Swinging Strike 1-2: Ball 2-2: Ball 3-2: Fly out, F9 (Flyball, 9D, EV 104.4 MPH) Runner from 2nd tags up, SAFE at 3rd, no throw by RF
|
|
Batting: RHB Jon Gonzales
|
0-0: Ball 1-0: Ball 2-0: Called Strike 2-1: Foul Ball, location: 2F 2-2: Foul Ball, location: 2F 2-2: Strikes out looking
|
| Top of the 4th over - 3 runs, 2 hits, 0 errors, 1 left on base; Hudson Valley 6 - Vermont 2 |
| BOTTOM OF THE 4TH |
|
Vermont Lake Monsters batting - Pitching for Hudson Valley Renegades : LHP Jake Fields
|
|
Batting: RHB Tetsuya Shinoda
|
0-0: Called Strike 0-1: Ball 1-1: Fly out, F7 (Flyball, 7, EV 90.6 MPH)
|
|
Batting: RHB Ryan Jennings
|
0-0: Called Strike 0-1: Swinging Strike 0-2: Strikes out swinging
|
|
Batting: RHB Edgardo Rivera
|
0-0: Ball 1-0: Foul Ball, location: 2F 1-1: Foul Ball, location: 2F 1-2: Foul Ball, location: 2F 1-2: Strikes out looking
|
| Bottom of the 4th over - 0 runs, 0 hits, 0 errors, 0 left on base; Hudson Valley 6 - Vermont 2 |
| TOP OF THE 5TH |
|
Hudson Valley Renegades batting - Pitching for Vermont Lake Monsters : RHP Herman McPherson
|
|
Batting: LHB Dan Hunt
|
0-0: Ball 1-0: Ball 2-0: Called Strike 2-1: Ball 3-1: Ground out 4-3 (Groundball, 4, EV 77.5 MPH)
|
|
Batting: RHB Eric Waugaman
|
0-0: Called Strike 0-1: Foul Ball, location: 2F 0-2: Ball 1-2: Ball 2-2: Ball 3-2: Base on Balls
|
|
Batting: RHB Wan-ling Zhu
|
0-0: Ball 1-0: Ball 2-0: Fly out, F7 (Flyball, 7, EV 90.0 MPH)
|
|
Batting: LHB Jonathan Spino
|
0-0: SINGLE (Groundball, 4MD, EV 97.5 MPH) Eric Waugaman to second
|
|
Batting: SHB Chris Lockart
|
0-0: Ground out U3 (Groundball, 34, EV 86.2 MPH)
|
| Top of the 5th over - 0 runs, 1 hit, 0 errors, 2 left on base; Hudson Valley 6 - Vermont 2 |
| BOTTOM OF THE 5TH |
|
Vermont Lake Monsters batting - Pitching for Hudson Valley Renegades : LHP Jake Fields
|
|
Batting: RHB Todd Vanasco
|
0-0: Ball 1-0: Ground out 6-3 (Groundball, 6M, EV 94.4 MPH)
|
|
Batting: LHB Felipe Gomez
|
0-0: Ball 1-0: Ball 2-0: Foul Ball, location: 2F 2-1: SINGLE (Groundball, 4D, EV 96.2 MPH)
|
|
Batting: SHB Mike Kirk
|
0-0: Ball Felipe Gomez is caught stealing 2nd base 2-4 1-0: Fly out, F7 (Flyball, 7LSF, EV 91.2 MPH)
|
| Bottom of the 5th over - 0 runs, 1 hit, 0 errors, 0 left on base; Hudson Valley 6 - Vermont 2 |
| TOP OF THE 6TH |
|
Hudson Valley Renegades batting - Pitching for Vermont Lake Monsters : RHP Herman McPherson
|
|
Batting: RHB Alex Koral
|
0-0: Ball 1-0: Foul Ball, location: 2F 1-1: DOUBLE (Line Drive, 9LD, EV 107.5 MPH)
|
|
Batting: SHB Joshua Jackson
|
0-0: Ball 1-0: Ball 2-0: Ball 3-0: Base on Balls
|
|
Batting: RHB Joe Hartigan
|
0-0: Ball 1-0: Ball 2-0: Fly out, F6 (Popup, 4M, EV 78.1 MPH)
|
|
Pitching: RHP Nasser bin Ata
|
|
|
Batting: RHB Jon Gonzales
|
0-0: Ball 1-0: Ball 2-0: Called Strike 2-1: Foul Ball, location: 2F 2-2: 3-RUN HOME RUN (Flyball, 78XD, EV 106.2 MPH), Distance : 428 ft
|
|
Batting: LHB Dan Hunt
|
0-0: Ball 1-0: Swinging Strike 1-1: Ball 2-1: Foul Ball, location: 2F 2-2: Strikes out swinging
|
|
Batting: RHB Eric Waugaman
|
0-0: Called Strike 0-1: Foul Ball, location: 2F 0-2: Ball 1-2: SINGLE (Groundball, 25, EV 69.4 MPH) (infield hit)
|
|
Batting: RHB Wan-ling Zhu
|
0-0: Called Strike 0-1: Ball 1-1: Ball 2-1: Called Strike 2-2: Ball 3-2: Ground out U3 (Groundball, 34, EV 86.9 MPH)
|
| Top of the 6th over - 3 runs, 3 hits, 0 errors, 1 left on base; Hudson Valley 9 - Vermont 2 |
| BOTTOM OF THE 6TH |
|
Vermont Lake Monsters batting - Pitching for Hudson Valley Renegades : LHP Jake Fields
|
|
Batting: SHB Matt Sybrant
|
0-0: Ball 1-0: Ground out 4-3 (Groundball, 4D, EV 78.8 MPH)
|
|
Batting: RHB Scott Lister
|
0-0: Foul Ball, location: 2F 0-1: Ball 1-1: Called Strike 1-2: Foul Ball, location: 2F 1-2: Ball 2-2: SINGLE (Groundball, 6M, EV 101.9 MPH) (infield hit)
|
|
Batting: SHB Berthold Frey
|
0-0: Ball Scott Lister steals 2nd base 1-0: Called Strike 1-1: Ball 2-1: Foul Ball, location: 2F 2-2: Strikes out swinging
|
|
Batting: RHB Tetsuya Shinoda
|
0-0: Ball 1-0: Called Strike 1-1: Ball 2-1: 2-RUN HOME RUN (Flyball, 8LXD, EV 116.2 MPH), Distance : 443 ft
|
|
Batting: RHB Ryan Jennings
|
0-0: Ball 1-0: Ball 2-0: Called Strike 2-1: Ball 3-1: SINGLE (Line Drive, 5D, EV 97.5 MPH)
|
|
Batting: RHB Edgardo Rivera
|
0-0: Fly out, F7 (Flyball, 7LD, EV 100.6 MPH)
|
| Bottom of the 6th over - 2 runs, 3 hits, 0 errors, 1 left on base; Hudson Valley 9 - Vermont 4 |
| TOP OF THE 7TH |
|
Hudson Valley Renegades batting - Pitching for Vermont Lake Monsters : RHP Nasser bin Ata
|
|
Batting: LHB Jonathan Spino
|
0-0: Ball 1-0: Ball 2-0: Called Strike 2-1: Foul Ball, location: 2F 2-2: Strikes out swinging
|
|
Batting: SHB Chris Lockart
|
0-0: Ball 1-0: Called Strike 1-1: Foul Ball, location: 2F 1-2: Strikes out swinging
|
|
Batting: RHB Alex Koral
|
0-0: Ball 1-0: Ball 2-0: Ground out 5-3 (Groundball, 56S, EV 95.0 MPH)
|
| Top of the 7th over - 0 runs, 0 hits, 0 errors, 0 left on base; Hudson Valley 9 - Vermont 4 |
| BOTTOM OF THE 7TH |
|
Vermont Lake Monsters batting - Pitching for Hudson Valley Renegades : LHP Jake Fields
|
|
Batting: RHB Todd Vanasco
|
0-0: Called Strike 0-1: Swinging Strike 0-2: Ball 1-2: Strikes out looking
|
|
Batting: LHB Felipe Gomez
|
0-0: Ball 1-0: Ball 2-0: Ground out 6-3 (Groundball, 6M, EV 95.6 MPH)
|
|
Batting: SHB Mike Kirk
|
0-0: Ball 1-0: Ball 2-0: Ball 3-0: Called Strike 3-1: Ground out 2-3 (Groundball, 13S, EV 70.6 MPH)
|
| Bottom of the 7th over - 0 runs, 0 hits, 0 errors, 0 left on base; Hudson Valley 9 - Vermont 4 |
| TOP OF THE 8TH |
|
Hudson Valley Renegades batting - Pitching for Vermont Lake Monsters : RHP Nasser bin Ata
|
|
Batting: SHB Joshua Jackson
|
0-0: Ball 1-0: Called Strike 1-1: Ball 2-1: Ball 3-1: Base on Balls
|
|
Pitching: RHP Pedro Taveras
|
|
|
Batting: RHB Joe Hartigan
|
0-0: Swinging Strike 0-1: Swinging Strike 0-2: Ball Joshua Jackson is caught stealing 2nd base 2-4 1-2: Strikes out swinging
|
|
Batting: RHB Jon Gonzales
|
0-0: Ball 1-0: Foul Ball, location: 2F 1-1: SINGLE (Groundball, 34S, EV 87.5 MPH) (infield hit)
|
|
Batting: LHB Dan Hunt
|
0-0: Called Strike 0-1: Called Strike 0-2: Ball 1-2: Strikes out swinging
|
| Top of the 8th over - 0 runs, 1 hit, 0 errors, 1 left on base; Hudson Valley 9 - Vermont 4 |
| BOTTOM OF THE 8TH |
|
Vermont Lake Monsters batting - Pitching for Hudson Valley Renegades : LHP Jake Fields
|
|
Batting: SHB Matt Sybrant
|
0-0: Called Strike 0-1: Foul Ball, location: 2F 0-2: Ball 1-2: Strikes out swinging
|
|
Batting: RHB Scott Lister
|
0-0: Called Strike 0-1: Ball 1-1: Fly out, F5 (Popup, 56S, EV 85.0 MPH)
|
|
Batting: SHB Berthold Frey
|
0-0: Swinging Strike 0-1: Ball 1-1: Ball 2-1: Foul Ball, location: 2F 2-2: Foul Ball, location: 2F 2-2: Ball 3-2: Foul Ball, location: 2F 3-2: Ground out 5-3 (Groundball, 56, EV 86.9 MPH)
|
| Bottom of the 8th over - 0 runs, 0 hits, 0 errors, 0 left on base; Hudson Valley 9 - Vermont 4 |
| TOP OF THE 9TH |
|
Hudson Valley Renegades batting - Pitching for Vermont Lake Monsters : RHP Pedro Taveras
|
|
Batting: RHB Eric Waugaman
|
0-0: Ball 1-0: Swinging Strike 1-1: Ball 2-1: Ground out 6-3 (Groundball, 6, EV 83.8 MPH)
|
|
Batting: RHB Wan-ling Zhu
|
0-0: Fly out, F9 (Flyball, 9LM, EV 94.4 MPH)
|
|
Batting: LHB Jonathan Spino
|
0-0: SINGLE (Groundball, 6M, EV 82.5 MPH) (infield hit)
|
|
Batting: SHB Chris Lockart
|
0-0: Called Strike Jonathan Spino steals 2nd base 0-1: Swinging Strike 0-2: Ball 1-2: Foul Ball, location: 2F 1-2: Strikes out swinging
|
| Top of the 9th over - 0 runs, 1 hit, 0 errors, 1 left on base; Hudson Valley 9 - Vermont 4 |
| BOTTOM OF THE 9TH |
|
Vermont Lake Monsters batting - Pitching for Hudson Valley Renegades : LHP Jake Fields
|
|
Pitching: LHP Min Xue
|
|
|
Batting: RHB Tetsuya Shinoda
|
0-0: Called Strike 0-1: Ball 1-1: Foul Ball, location: 2F 1-2: Strikes out swinging
|
|
Batting: RHB Ryan Jennings
|
0-0: SOLO HOME RUN (Flyball, 7LD, EV 94.4 MPH), Distance : 360 ft
|
|
Batting: RHB Edgardo Rivera
|
0-0: Ball 1-0: Ball 2-0: Ball 3-0: Called Strike 3-1: Base on Balls
|
|
Batting: RHB Todd Vanasco
|
0-0: Ball 1-0: Foul Ball, location: 2F 1-1: Ball 2-1: Ball 3-1: Base on Balls Edgardo Rivera to second
|
|
Pitching: RHP Matt Wicker
|
|
|
Batting: LHB Felipe Gomez
|
0-0: Called Strike 0-1: Swinging Strike 0-2: Ball 1-2: Ball 2-2: Strikes out swinging
|
|
Batting: SHB Mike Kirk
|
0-0: Foul Ball, location: 2F 0-1: Ground out 1-3 (Groundball, 13, EV 64.4 MPH)
|
| Bottom of the 9th over - 1 run, 1 hit, 0 errors, 2 left on base; Hudson Valley 9 - Vermont 5 |
|